 Dungeon Crawl Stone Soup version 0.23.0 (webtiles) character file.

Game seed: 13525368508716767447

145433 Infinimo the Fencer (level 16, 0/130 HPs)
             Began as a Demonspawn Berserker on Feb 14, 2019.
             Was a High Priest of Trog.
             Drowned by a water nymph (11 damage)
             ... on level 3 of the Shoals on Feb 15, 2019.
             The game lasted 00:46:49 (35373 turns).

Infinimo the Fencer (Demonspawn Berserker)         Turns: 35373, Time: 00:46:50

Health: 0/130      AC: 27    Str: 27    XL:     16   Next: 87%
Magic:  16/16      EV: 15    Int:  9    God:    Trog [*****.]
Gold:   1274       SH: 13    Dex: 18    Spells: 15/15 levels left

rFire    . . .     SeeInvis +   o - +9 demon blade (elec)
rCold    + + +     Gourm    .   x - +1 buckler {rC+}
rNeg     + . .     Faith    .   O - +0 plate armour
rPois    +         Spirit   .   A - +2 hat {SInv}
rElec    +         Reflect  +   L - +0 cloak of the Dolphin {rElec rPois rC+++ SInv}
rCorr    .         Harm     .   P - +2 pair of gloves {Dex+3}
MR       +....                  i - +0 pair of boots
Stlth    ..........             I - amulet "Wed Tiurch" {Reflect Str+5 SH+5}
HPRegen  0.31/turn              K - ring of Hixas {+Fly rElec}
MPRegen  0.15/turn              a - ring of positive energy

@: glowing, studying Ice Magic
A: talons 2, thin metallic scales 2, foul stench 2, spiny 2, rot immunity
a: Berserk, Trog's Hand, Brothers in Arms, Renounce Religion, Evoke Flight


You were on level 3 of the Shoals.
You worshipped Trog.
Trog was extremely pleased with you.
You were not hungry.

You visited 4 branches of the dungeon, and saw 26 of its levels.
You visited the Abyss 1 time.
You visited 1 bazaar.
You also visited: Bailey and Ice Cave.

You collected 3510 gold pieces.
You spent 2236 gold pieces at shops.

Inventory:

Hand Weapons
 o - a +9 demon blade of electrocution (weapon)
 y - a +2 scimitar of flaming
 Q - a +5 antimagic double sword
Armour
 i - a +0 pair of boots (worn)
 x - a +1 buckler of cold resistance (worn)
 A - a +2 hat of see invisible (worn)
 E - a +0 large shield
 L - the +0 cloak of the Dolphin (worn) {rElec rPois rC+++ SInv}
   (You found it on level 2 of the Lair of Beasts)

   It renders you almost immune to cold.
   It insulates you from electricity.
   It protects you from poison.
   It lets you see invisible.
 O - a +0 plate armour (worn)
 P - a +2 pair of gloves of dexterity (worn)
Jewellery
 a - a ring of positive energy (right hand)
 q - an uncursed ring of resist corrosion
 I - the amulet "Wed Tiurch" (around neck) {Reflect Str+5 SH+5}
   (You acquired it on level 2 of the Orcish Mines)

   [amulet of reflection]

   It shields you and reflects attacks.
   It affects your strength (+5).
   It affects your SH (+5).
 K - the ring of Hixas (left hand) {+Fly rElec}
   (You found it on level 2 of the Lair of Beasts)

   [ring of flight]

   It insulates you from electricity.
   It lets you fly.
 R - a +4 ring of protection
 T - an uncursed amulet of the acrobat
Wands
 w - a wand of acid (29)
 B - a wand of clouds (4)
 G - a wand of scattershot (4)
 H - a wand of iceblast (46)
Scrolls
 e - 6 scrolls of remove curse
 f - 3 scrolls of magic mapping
 g - 4 scrolls of blinking
 l - 4 scrolls of teleportation
 n - 6 scrolls of identify
 t - a scroll of holy word
 F - 3 scrolls of enchant armour
 M - a scroll of fog
 N - 2 scrolls of fear
Potions
 b - 2 potions of cancellation
 d - 9 potions of curing
 h - 3 potions of magic
 j - a potion of might
 m - 4 potions of lignification
 p - 7 potions of haste
 r - 4 potions of degeneration
 s - 3 potions of brilliance
 u - 7 potions of ambrosia
 v - 5 potions of agility
 z - a potion of resistance
 D - 2 potions of flight
 J - 2 potions of mutation
 S - 2 potions of invisibility
Books
 C - a manual of Ice Magic Trog disapproves of the use of such an item.
Comestibles
 c - 32 rations


   Skills:
 + Level 13.1 Fighting
 * Level 16.3 Long Blades
 + Level 12.0 Armour
 + Level 11.9 Dodging
 + Level 10.7 Shields


You had 15 spell levels left.
You didn't know any spells.
Your spell library contained the following spells:

 Spells                   Type           Power        Failure   Level  Hunger
 Flame Tongue             Conj/Fire      #....        97%         1    ##.....
 Cause Fear               Hex            #.........   100%        4    #####..
 Bolt of Fire             Conj/Fire      #.........   100%        6    #######
 Dragon Form              Tmut           #.........   100%        7    #######
 Dragon's Call            Summ           #.........   100%        9    #######


Dungeon Overview and Level Annotations

Branches:
Dungeon (15/15)            Temple (0/1) D:4            Lair (6/6) D:11
 Shoals (3/4) Lair:4       Spider (0/4) Lair:3        Slime (0/5) Lair:6
    Orc (2/2) D:10            Elf (0/3) Orc:2        Vaults (0/5) D:13
 Depths (0/5) D:15

Altars:
Cheibriados
Dithmenos
Qazlal
Ru
Uskayaw
Wu Jian
Yredelemnul
Beogh
Jiyva

Shops:
Orc:1 (   Orc:2 ![!*   Shoals:1 **%(

Portals:
Trove: D:10 (give +7 demon blade)

Annotations:
Lair:4 3 runed translucent doors, HunfridMar's ghost, journeyman DECj


Innate Abilities, Weirdness & Mutations

You have razor-sharp toenails.
You are mostly covered in thin metallic scales. (AC +3)
You frequently emit foul miasma when damaged in melee.
You are mostly covered in sharp spines.
You are immune to rotting.


Message History

You fall into the shallow water.
Moving in this stuff is going to be slow.
A water nymph comes into view.
The water nymph shouts!
The water nymph casts a spell at you. The water swirls and strikes you!
* * * LOW HITPOINT WARNING * * *
You feel much better.
Okay, then.
The water nymph touches you. The water nymph drowns you!
* * * LOW HITPOINT WARNING * * *
The water nymph looks sick.
Splash!
You fall into the shallow water.
Moving in this stuff is going to be slow.
You feel yourself speed up.
A cyclops comes into view.
The water nymph is struck by your spines.
The water nymph touches you. The water nymph drowns you!
You die...

≈≈≈≈≈≈≈.≈≈≈≈≈≈.
≈≈≈≈≈≈≈≈≈≈≈≈≈≈≈.
≈≈≈≈≈.≈≈≈≈≈≈≈...
≈≈≈≈≈≈....≈.....
≈≈≈≈≈........$..≈.####
≈≈≈...≈≈≈≈.≈≈≈≈≈≈≈≈..#
≈≈.....≈≈≈.≈≈≈≈)≈≈≈.≈##
≈≈≈≈≈≈≈m≈..≈≈≈≈≈≈≈≈≈≈≈##
≈≈≈≈≈≈≈@≈...≈≈..≈≈≈≈≈≈.
≈.≈≈≈≈≈≈≈.≈≈≈≈$.≈≈mcc.
..!≈≈≈≈≈≈≈≈≈≈≈..(c.).###
≈≈≈≈≈≈≈≈.≈≈≈≈≈..≈≈..(.#.
≈≈≈≈≈≈≈≈≈≈≈≈≈≈≈≈≈≈≈.(cmm
≈≈≈≈≈≈≈≈≈≈≈≈≈≈≈≈≈≈≈≈≈≈c(
≈≈≈≈≈≈≈≈≈≈≈≈≈≈≈≈≈≈≈≈≈≈≈≈
≈≈≈≈≈≈≈≈≈≈C≈≈≈?≈≈≈≈≈≈≈≈≈
≈≈≈≈≈≈≈≈≈≈≈


You could see a cyclops (wandering) and a water nymph.

Vanquished Creatures
  Gastronok (D:8)
  A tentacled starspawn (Abyss:1)
  Kirke (Shoals:1)
  A ghost moth (shapeshifter) (D:13)
  An orc warlord (Bailey)
  A lorocyproca (Abyss:1)
  Snorg (D:14)
  Azrael (D:14)
  A merfolk javelineer (Shoals:2)
  5 merfolk impalers
  A green death (Abyss:1)
  Fannar (D:11)
  A rakshasa (D:15)
  A vault guard (D:13)
  6 hydras
  2 merfolk avatars
  3 centaur warriors
  A death knight (D:15)
  A satyr (Shoals:2)
  An ogre mage (D:15)
  Erica (D:8)
  11 two-headed ogres
  A tengu warrior (D:15)
  A thrashing horror (Abyss:1)
  Urug (Lair:1)
  3 orc high priests (Orc:2)
  Sonja (D:13)
  The ghost of cada the Grappler, a novice TrHu of Cheibriados (D:8)
  Nergalle (Lair:1)
  2 unseen horrors
  2 wretched stars (Abyss:1)
  A spatial maelstrom (Abyss:1)
  A sea snake (shapeshifter) (D:15)
  6 sea snakes
  A lindwurm (Lair:5)
  4 orc knights (Orc:2)
  A necromancer (IceCv)
  6 harpies
  5 ugly things
  13 fauns
  3 deep elf magi
  5 orc sorcerers (Orc:2)
  6 cyclopes
  3 centaur zombies
  5 merfolk sirens
  10 manticores
  2 worldbinders (Abyss:1)
  2 water nymphs
  3 elephants (Lair:6)
  4 black mambas
  3 gargoyles
  An ice statue (IceCv)
  13 spiny frogs
  A redback zombie (D:15)
  9 komodo dragons
  17 rime drakes
  10 freezing wraiths (IceCv)
  2 ancient zymes (Abyss:1)
  3 polar bears (Lair:6)
  3 meliai (D:13)
  15 merfolk
  2 wind drakes (Shoals:1)
  2 trolls
  Prince Ribbit (D:9)
  17 blink frogs
  10 slime creatures
  4 snapping turtles (Shoals:1)
  15 hippogriffs
  6 dream sheep (Lair:6)
  A vampire (D:14)
  4 redbacks (Lair:3)
  20 yaks
  2 shadows
  9 water elementals
  A wraith (D:13)
  Sigmund (D:5)
  A spriggan (D:10)
  A ynoxinul (Abyss:1)
  6 basilisks
  4 hogs
  2 fire elementals (D:14)
  3 wyverns
  Grum (D:8)
  4 hungry ghosts
  3 large abominations (Abyss:1)
  2 death yak simulacra (IceCv)
  8 steam dragons (Lair:3)
  7 wargs
  5 hell hounds (D:14)
  2 acid dragons
  16 water moccasins
  A meliai simulacrum (D:14)
  20 ice beasts
  9 porcupines
  3 black bears
  A phantom (D:10)
  27 orc warriors
  A sky beast (D:9)
  A necrophage (D:10)
  A hornet zombie (D:15)
  2 eyes of draining
  13 ogres
  14 wolves
  The ghost of yrara the Skirmisher, an amateur DsFi (D:3)
  17 centaurs
  12 crocodiles
  A big kobold (D:9)
  A gnoll sergeant (D:7)
  19 bullfrogs
  A water moccasin zombie (D:8)
  4 small abominations (Abyss:1)
  5 scorpions
  A wyvern skeleton (D:13)
  12 wights
  A killer bee (D:2)
  2 howler monkeys (D:8)
  5 electric eels
  4 crimson imps
  4 draconian simulacra (IceCv)
  A quasit (D:12)
  3 bullfrog zombies
  4 jellies
  15 orc priests
  24 orc wizards
  4 hounds
  A gnoll shaman (Orc:2)
  2 iron imps (Abyss:1)
  7 centaur skeletons
  Jessica (D:3)
  6 iguanas
  9 worker ants
  10 troll simulacra (IceCv)
  2 wolf simulacra (IceCv)
  2 centaur simulacra (IceCv)
  2 hound zombies
  A worker ant zombie (D:5)
  12 adders
  19 gnolls
  2 ogre simulacra (IceCv)
  2 naga simulacra (IceCv)
  4 shadow imps
  12 white imps (IceCv)
  2 oozes
  2 adder zombies
  7 worms
  3 dart slugs
  5 leopard geckos
  91 orcs
  8 bats
  2 giant cockroaches (D:2)
  9 hobgoblins
  2 jackals (D:4)
  6 quokkas
  6 frilled lizards
  15 goblins
  22 kobolds
  13 rats
  A plant (Shoals:1)
897 creatures vanquished.

Vanquished Creatures (collateral kills)
  A hydra (D:15)
  A wolf spider (D:15)
2 creatures vanquished.

Vanquished Creatures (others)
  A faun (Shoals:2)
  A merfolk siren (Shoals:2)
  A rime drake (Lair:3)
  A tengu conjurer (D:15)
  A bush (Shoals:2)
  12 fungi (Lair:6)
  25 plants
  2 starspawn tentacles (Abyss:1)
44 creatures vanquished.

Grand Total: 943 creatures vanquished

Notes
Turn   | Place    | Note
-------+----------+-------------------------------------------
     0 | D:1      | Infinimo the Demonspawn Berserker began the quest for the
                  | Orb.
     0 | D:1      | Reached XP level 1. HP: 18/18 MP: 1/1
   178 | D:1      | Gained mutation: You are partially covered in thin metallic
                  | scales. (AC +2) [demonic ancestry]
   178 | D:1      | Reached XP level 2. HP: 23/24 MP: 2/2
   191 | D:1      | Reached skill level 3 in Long Blades
   502 | D:1      | Gained mutation: You are immune to rotting. [demonic
                  | ancestry]
   502 | D:1      | Reached XP level 3. HP: 25/29 MP: 3/3
   954 | D:2      | Found a stormy altar of Qazlal.
   958 | D:2      | Found a transporter.
   959 | D:2      | Noticed a killer bee
  1439 | D:2      | Reached XP level 4. HP: 35/35 MP: 4/4
  1610 | D:2      | Found a basalt altar of Yredelemnul.
  1617 | D:2      | Reached ** piety under Trog
  1648 | D:2      | Found a transporter.
  2120 | D:2      | Gained mutation: You have sharp toenails. [demonic
                  | ancestry]
  2120 | D:2      | Reached XP level 5. HP: 42/42 MP: 5/5
  2369 | D:3      | Reached skill level 4 in Long Blades
  2677 | D:3      | Noticed Jessica
  2681 | D:3      | Killed Jessica
  2969 | D:3      | Found a runed translucent gate.
  2969 | D:3      | Found a runed translucent gate.
  2969 | D:3      | Found a runed translucent gate.
  2970 | D:3      | Noticed yrara's ghost (amateur DsFi)
  3424 | D:3      | Killed yrara's ghost
  3424 | D:3      | Gained mutation: You are partially covered in sharp spines.
                  | [demonic ancestry]
  3424 | D:3      | Reached XP level 6. HP: 48/48 MP: 6/6
  3717 | D:4      | Reached *** piety under Trog
  3964 | D:4      | Reached skill level 5 in Long Blades
  4423 | D:4      | You fall through a shaft for 3 floors!
  4442 | D:7      | Reached XP level 7. HP: 55/55 MP: 7/7
  4941 | D:7      | Noticed a wyvern
  4954 | D:7      | Killed a wyvern
  5066 | D:7      | Reached skill level 5 in Fighting
  5067 | D:7      | Reached skill level 6 in Long Blades
  5067 | D:7      | Gained mutation: You may emit foul miasma when damaged in
                  | melee. [demonic ancestry]
  5067 | D:7      | Reached XP level 8. HP: 62/62 MP: 8/8
  5161 | D:6      | Found an ornate altar of the Wu Jian Council.
  5531 | D:6      | Noticed a red ugly thing
  5538 | D:6      | Killed a red ugly thing
  5538 | D:6      | Reached skill level 7 in Long Blades
  5755 | D:6      | Reached skill level 5 in Dodging
  5852 | D:6      | Reached skill level 5 in Armour
  5939 | D:6      | Reached XP level 9. HP: 62/69 MP: 9/9
  5979 | D:6      | Reached **** piety under Trog
  6272 | D:5      | Entered Level 5 of the Dungeon
  6459 | D:5      | Noticed Sigmund
  6467 | D:5      | Killed Sigmund
  7021 | D:4      | Found a staircase to the Ecumenical Temple.
  7894 | D:8      | Noticed Grum
  7895 | D:8      | Noticed Erica
  7903 | D:8      | Killed Grum
  7903 | D:8      | Reached skill level 8 in Long Blades
  7910 | D:8      | Reached skill level 1 in Shields
  7922 | D:8      | Killed Erica
  8233 | D:8      | Noticed Gastronok
  8260 | D:8      | Killed Gastronok
  8260 | D:8      | Reached skill level 9 in Long Blades
  8260 | D:8      | Gained mutation: You are mostly covered in thin metallic
                  | scales. (AC +3) [demonic ancestry]
  8260 | D:8      | Reached XP level 10. HP: 71/79 MP: 10/10
  8389 | D:8      | Noticed a two-headed ogre
  8396 | D:8      | Killed a two-headed ogre
  8654 | D:8      | Found a runed translucent door.
  8660 | D:8      | Noticed cada's ghost (novice TrHu)
  8843 | D:8      | Reached ***** piety under Trog
  8854 | D:8      | Found a roughly hewn altar of Beogh.
  9031 | D:8      | Killed cada's ghost
  9522 | D:9      | Found a flagged portal.
  9532 | Bailey   | Entered a bailey
  9537 | Bailey   | Noticed an orc warlord
  9713 | Bailey   | Reached skill level 10 in Long Blades
  9713 | Bailey   | Gained mutation: You frequently emit foul miasma when
                  | damaged in melee. [demonic ancestry]
  9713 | Bailey   | Reached XP level 11. HP: 72/86 MP: 11/11
  9753 | Bailey   | Found a runed translucent gate.
  9753 | Bailey   | Found a runed translucent gate.
  9753 | Bailey   | Found a runed translucent gate.
  9863 | Bailey   | Killed an orc warlord
  9895 | Bailey   | Identified a scroll of acquirement
 10202 | D:9      | Found a snail-covered altar of Cheibriados.
 10298 | D:9      | Found a shadowy altar of Dithmenos.
 10551 | D:9      | Received a gift from Trog
 10783 | D:9      | Noticed Prince Ribbit
 10790 | D:9      | Killed Prince Ribbit
 11250 | D:10     | Entered Level 10 of the Dungeon
 11284 | D:10     | Found a shadowy altar of Dithmenos.
 11284 | D:10     | Noticed a deep elf mage
 11284 | D:10     | Noticed a deep elf mage
 11287 | D:10     | Killed a deep elf mage
 11292 | D:10     | Killed a deep elf mage
 11502 | D:10     | Reached skill level 5 in Shields
 11673 | D:10     | Reached skill level 11 in Long Blades
 11673 | D:10     | Reached XP level 12. HP: 95/95 MP: 12/12
 11734 | D:10     | Found a staircase to the Orcish Mines.
 12016 | D:10     | Found a portal to a secret trove of treasure.
 12624 | D:11     | Found a staircase to the Lair.
 12736 | D:11     | Noticed Fannar
 12747 | D:11     | Killed Fannar
 13264 | D:12     | Received a gift from Trog
 13264 | D:12     | Reached skill level 12 in Long Blades
 13292 | D:12     | Noticed a two-headed ogre
 13299 | D:12     | Killed a two-headed ogre
 13299 | D:12     | Reached XP level 13. HP: 102/102 MP: 13/13
 13885 | D:12     | Reached skill level 10 in Fighting
 14334 | Lair:1   | Entered Level 1 of the Lair of Beasts
 14552 | Lair:1   | Noticed Urug
 14553 | Lair:1   | Noticed Nergalle
 14570 | Lair:1   | Killed Urug
 14573 | Lair:1   | Killed Nergalle
 15248 | Lair:2   | Found a frozen archway.
 15290 | IceCv    | Entered an ice cave
 15556 | IceCv    | Received a gift from Trog
 16075 | IceCv    | Reached skill level 13 in Long Blades
 16101 | IceCv    | Found an ancient bone altar of Kikubaaqudgha.
 16334 | IceCv    | Reached ****** piety under Trog
 16850 | IceCv    | Got a pair of bloodstained gloves
 16861 | IceCv    | Identified the +1 pair of gloves "Wuptol" {*Slow rC+ Dex+4}
                  | (You found it in an ice cave)
 17148 | Lair:2   | Got a steaming lapis lazuli ring
 17370 | Lair:2   | Got a slimy cloak
 17381 | Lair:2   | Identified the +0 cloak of the Dolphin {rElec rPois rC+++
                  | SInv} (You found it on level 2 of the Lair of Beasts)
 17382 | Lair:2   | Identified the ring of Hixas {+Fly rElec} (You found it on
                  | level 2 of the Lair of Beasts)
 17936 | Lair:3   | Found a sacrificial altar of Ru.
 18137 | Lair:3   | Received a gift from Trog
 18224 | Lair:3   | Gained mutation: You have razor-sharp toenails. [demonic
                  | ancestry]
 18224 | Lair:3   | Reached XP level 14. HP: 91/111 MP: 14/14
 19256 | Lair:3   | Found a hole to the Spider Nest.
 19582 | Lair:4   | Found a staircase to the Shoals.
 19668 | Lair:4   | Found a runed translucent gate.
 19668 | Lair:4   | Found a runed translucent gate.
 19668 | Lair:4   | Found a runed translucent gate.
 19670 | Lair:4   | Noticed HunfridMar's ghost (journeyman DECj)
 20819 | Lair:5   | Reached skill level 10 in Armour
 21078 | Lair:5   | Found a hide-covered altar of Uskayaw.
 21745 | Lair:6   | Entered Level 6 of the Lair of Beasts
 21762 | Lair:6   | Reached skill level 10 in Dodging
 22201 | Lair:6   | Reached skill level 14 in Long Blades
 22455 | Lair:6   | Found a staircase to the Slime Pits.
 22456 | Lair:6   | Found a viscous altar of Jiyva.
 22707 | Lair:6   | Received a gift from Trog
 24135 | D:13     | Gained mutation: You are mostly covered in sharp spines.
                  | [demonic ancestry]
 24135 | D:13     | Reached XP level 15. HP: 99/119 MP: 15/15
 24152 | D:13     | Received a gift from Trog
 24488 | D:13     | Found a gate to the Vaults.
 24569 | D:13     | Noticed a ghost moth
 24569 | D:13     | a fire dragon changed into a ghost moth
 24578 | D:13     | Killed a ghost moth
 24823 | D:13     | HP: 3/120 [titanic slime creature (88)]
 25521 | D:13     | Noticed Sonja
 25527 | D:13     | Cast into level 1 of the Abyss (Sonja)
 25910 | Abyss:1  | Noticed a tentacled starspawn
 25914 | Abyss:1  | Killed a tentacled starspawn
 26005 | Abyss:1  | Noticed a purple draconian knight
 26006 | D:13     | Escaped the Abyss
 26013 | D:13     | Killed Sonja
 26508 | D:14     | Noticed Snorg
 26523 | D:14     | Killed Snorg
 26523 | D:14     | Noticed Azrael
 26538 | D:14     | Killed Azrael
 26538 | D:14     | Reached skill level 15 in Long Blades
 27497 | D:14     | Received a gift from Trog
 27589 | D:15     | Entered Level 15 of the Dungeon
 27977 | D:15     | HP: 6/121 [mirror damage (10)]
 28427 | D:15     | Found a gateway to a bazaar.
 28811 | Bazaar   | Entered a bazaar
 28814 | Bazaar   | Found Toruhy's Food Shop.
 28844 | Bazaar   | Found Vyal's Book Boutique.
 28844 | Bazaar   | Found Sauhutua's Weapon Shop.
 28870 | Bazaar   | Found Hunual's Weapon Shop.
 29072 | D:15     | Reached XP level 16. HP: 76/129 MP: 5/16
 29077 | D:15     | Reached skill level 10 in Shields
 29277 | D:15     | Found a staircase to the Depths.
 29700 | Orc:1    | Entered Level 1 of the Orcish Mines
 30036 | Orc:1    | Found Etuibee's Antique Weapon Boutique.
 30212 | Orc:1    | Received a gift from Trog
 30408 | Orc:2    | Entered Level 2 of the Orcish Mines
 30466 | Orc:2    | Found a staircase to the Elven Halls.
 30498 | Orc:2    | Paralysed by an orc sorcerer for 6 turns
 30538 | Orc:2    | Paralysed by an orc sorcerer for 2 turns
 31181 | Orc:2    | Received a gift from Trog
 31540 | Orc:2    | Found Decsis's Assorted Antiques.
 31540 | Orc:2    | Found Honiogan's Distillery.
 31542 | Orc:2    | Found Zook's Armour Emporium.
 31542 | Orc:2    | Found Olas's Distillery.
 31548 | Orc:2    | Bought a pair of runed gloves for 232 gold pieces
 31569 | Orc:2    | Bought a scroll of acquirement for 1612 gold pieces
 31569 | Orc:2    | Bought a glass ring for 155 gold pieces
 31569 | Orc:2    | Bought a scroll labeled WEOTOY FAN BAN for 31 gold pieces
 31569 | Orc:2    | Bought a scroll labeled IRCHOU ODOLI for 31 gold pieces
 31572 | Orc:2    | Got a crude ruby amulet
 31576 | Orc:2    | Identified the amulet "Wed Tiurch" {Reflect Str+5 SH+5}
                  | (You acquired it on level 2 of the Orcish Mines)
 32197 | Shoals:1 | Entered Level 1 of the Shoals
 32580 | Shoals:1 | Noticed Kirke
 33008 | Shoals:1 | Killed Kirke
 33059 | Shoals:1 | Found Ruej's General Store.
 33061 | Shoals:1 | Found Gogymin's Weapon Boutique.
 33095 | Shoals:1 | Found Suafyraf's Assorted Antiques.
 33117 | Shoals:1 | Bought a thick amethyst amulet for 175 gold pieces
 33319 | Shoals:1 | Found Dihek's Food Shop.
 33523 | Shoals:1 | Reached skill level 16 in Long Blades
 33950 | Shoals:2 | Received a gift from Trog
 35368 | Shoals:3 | HP: 1/130 [drowned by a water nymph (9)]
 35373 | Shoals:3 | Drowned by a water nymph

Skill      XL: |  1  2  3  4  5  6  7  8  9 10 11 12 13 14 15 16 |
---------------+-------------------------------------------------+-----
Armour         | 2 3 4 5 6 8 9 10 11 12 | 12.0
Long Blades    | 3 4 5 6 7 9 10 11 12 13 14 15 16 | 16.3
Dodging        | 2 3 4 5 6 8 9 10 11 | 11.9
Fighting       | 4 5 6 7 8 9 10 11 12 13 | 13.1
Shields        | 2 3 5 6 7 8 9 10 | 10.7

Action                   |  1- 3 |  4- 6 |  7- 9 | 10-12 | 13-15 | 16-18 || total
-------------------------+-------+-------+-------+-------+-------+-------++-------
Melee: Falchion          |   107 |   137 |   143 |       |       |       ||   387
       Kick              |       |    31 |    69 |    93 |   175 |       ||   368
       Scimitar          |       |       |    11 |   307 |   766 |       ||  1084
       Double sword      |       |       |       |       |   444 |    69 ||   513
       Demon blade       |       |       |       |       |       |   468 ||   468
       Unarmed           |       |       |       |       |       |     9 ||     9
Invok: Berserk           |     2 |     9 |    12 |    11 |    19 |     3 ||    56
       Brothers in Arms  |       |       |       |       |     1 |       ||     1
  Use: Scroll            |       |    10 |     3 |    14 |    18 |     9 ||    54
       Potion            |       |       |       |     1 |     2 |     5 ||     8
 Stab: Sleeping          |     1 |     5 |     2 |       |       |       ||     8
  Eat: Chunk             |     2 |    20 |    18 |    27 |    51 |    21 ||   139
       Ration            |       |       |     1 |       |     6 |     1 ||     8
Armor: Animal skin       |    20 |    21 |    16 |       |       |       ||    57
       Scale mail        |       |       |    12 |    93 |   194 |       ||   299
       Plate armour      |       |       |       |       |   197 |   183 ||   380
Dodge: Dodged            |    76 |    73 |    96 |   162 |   582 |   202 ||  1191
       Deflected         |       |       |       |     4 |     3 |       ||     7
Block: Buckler           |       |       |     4 |    70 |   339 |   244 ||   657
       Reflection        |       |       |       |       |       |    30 ||    30
       Other             |       |       |       |       |       |     3 ||     3
       Rpst.: Falchion   |    23 |    26 |    28 |       |       |       ||    77
       Scimitar          |       |       |       |    34 |    80 |       ||   114
       Double sword      |       |       |       |       |    42 |     5 ||    47
       Demon blade       |       |       |       |       |       |    27 ||    27
